 Dungeon Crawl Stone Soup version 0.24.0-13-gcf9b319 (webtiles) character file.

Game seed: 6475561404940596256, levelgen mode: deterministic

21 BeowulfAlex the Insei (level 2, 0/19 HPs)
             Began as an Octopode Transmuter on May 25, 2020.
             Slain by a kobold
             ... wielding a +0 club
              (4 damage)
             ... on level 1 of the Dungeon.
             The game lasted 00:01:03 (352 turns).

BeowulfAlex the Insei (Octopode Transmuter)          Turns: 352, Time: 00:01:04

Health: 0/19       AC:  1    Str:  9    XL:     2   Next: 83%
Magic:  3/5        EV: 13    Int: 15    God:
Gold:   40         SH:  0    Dex: 12    Spells: 4/5 levels left

rFire    . . .     SeeInvis .     - Unarmed
rCold    . . .     Gourm    .   (no shield)
rNeg     . . .     Faith    .   (helmet restricted)
rPois    .         Spirit   .   (no amulet)
rElec    .         Reflect  .   (no ring)
rCorr    .         Harm     .   (no ring)
MR       .....                  (no ring)
Stlth    ++........             (no ring)
HPRegen  0.06/turn              (no ring)
MPRegen  0.09/turn              (no ring)
                                (no ring)
                                (no ring)

@: appendage (expiring), very slightly contaminated
A: almost no armour, stealthy swim, amphibious, 8 rings, constrict 8, tentacle
spike 3, camouflage 1, gelatinous body 1
a: End Transformation


You were on level 1 of the Dungeon.
You were not hungry.
One of your tentacles had a temporary spike.
You visited 1 branch of the dungeon, and saw 1 of its levels.

You collected 40 gold pieces.

Inventory:

Missiles
 a - 12 arrows
 e - 3 stones (quivered)
Scrolls
 d - a scroll of fog {unknown}
Potions
 f - a potion of agility {unknown}
Comestibles
 b - 5 chunks of flesh
 c - 2 rations


   Skills:
 + Level 1.7 Fighting
 + Level 2.4 Dodging
 - Level 3.0 Unarmed Combat
 - Level 2.0 Spellcasting
 + Level 2.4 Transmutations


You had 4 spell levels left.
You knew the following spells:

 Your Spells              Type           Power        Failure   Level  Hunger
a - Beastly Appendage     Tmut           #.....       9%          1    #......

Your spell library contained the following spells:

 Spells                   Type           Power        Failure   Level  Hunger
 Sticks to Snakes         Tmut           #.......     12%         2    ###....
 Spider Form              Tmut/Pois      #.........   38%         3    ###....
 Ice Form                 Ice/Tmut       #.......     80%         4    #####..
 Blade Hands              Tmut           #.........   92%         5    ######.


Dungeon Overview and Level Annotations

Branches:
Dungeon (1/15)

Altars:


Innate Abilities, Weirdness & Mutations

You cannot wear most types of armour.
You are very stealthy in the water. (Stealth+)
You are amphibious.
You can wear up to eight rings at the same time.
You can use your tentacles to constrict eight enemies at once.
Your skin changes colour to match your surroundings (Stealth+).
Your rubbery body absorbs attacks. (AC +1, EV +1)
One of your tentacles bears a large vicious spike.


Message History

You are too injured to fight recklessly!
You are too injured to fight recklessly!
You are too injured to fight recklessly!
You are too injured to fight recklessly!
You are too injured to fight recklessly!
You are too injured to fight recklessly!
You are too injured to fight recklessly!
You are too injured to fight recklessly!
You are too injured to fight recklessly!
You are too injured to fight recklessly!
You are too injured to fight recklessly!
You are too injured to fight recklessly!
You are too injured to fight recklessly!
You closely miss the kobold. Your grab misses the kobold.
Your tentacle spike misses the kobold.
The kobold hits you with a +0 club.
* * * LOW HITPOINT WARNING * * *
You tentacle-slap the kobold but do no damage.
Your grab misses the kobold. Your squeeze misses the kobold.
The kobold hits you with a +0 club.
You die...

..# #.# ... #.#
%.. ###r# #### ##
#.#K###... ..>
#..@..#.###...
#.#.#......... ..
# #.#........ #..
#.......... #..
#.....#.#.# .#...
#.#...#.#.# ....#.
#.#.#)#.#.##......
#.#...#.#....#.###
#.###..........


You could see a kobold and a rat.

Vanquished Creatures
  A dart slug (D:1)
  4 bats (D:1)
  A giant cockroach (D:1)
  4 hobgoblins (D:1)
  A ball python (D:1)
  A frilled lizard (D:1)
  3 kobolds (D:1)
  4 rats (D:1)
19 creatures vanquished.

Notes
Turn   | Place    | Note
-------+----------+-------------------------------------------
     0 | D:1      | BeowulfAlex the Octopode Transmuter began the quest for the
                  | Orb.
     0 | D:1      | Reached XP level 1. HP: 13/13 MP: 3/3
    65 | D:1      | Reached XP level 2. HP: 14/18 MP: 3/5
   352 | D:1      | Slain by a kobold

Levels and vault maps discovered:
D:1:      minmay_arrival_split_and_join, layout_basic

Action                   || total
-------------------------++-------
Melee: Unarmed           ||    53
       Constrict         ||    15
       Kick              ||     8
       Tentacles         ||     5
       Punch             ||     1
 Cast: Beastly Appendage ||    12
 Stab: Sleeping          ||     5
Armor: Skin              ||     2
Dodge: Dodged            ||    23
